Map: 16 bits EC

Players

germinal - Winner!

  • Race: Zerg Zerg
  • League: Diamond
  • Spawn Location: 7:00

HoldTheDoor

  • Race: Protoss Protoss
  • League: Diamond
  • Spawn Location: 1:00

VOD

Have the link to the VOD?

Description

Time

  • Played on: July 5, 2018, 12:58 p.m.
  • Length: 4:21
Show
View Real Time Build Order
Export as new Build Order

germinal Zerg - Winner!

Build Orders: Hatch First 

Get SALT Encoding   

  12  0:01  Drone  
  13  0:12  Overlord  
  13  0:18  Drone  
  14  0:30  Drone x2  
  14  0:34  Drone  
  17  0:57  Drone  
  17  0:59  Hatchery  
  17  1:00  Drone  
  18  1:05  Extractor  
  17  1:17  Spawning Pool  
  16  1:20  Drone  
  16  1:23  Drone  
  18  1:39  Drone x2  
  20  1:49  Drone  
  21  2:02  Overlord  
  21  2:10  Queen  
  21  2:11  Queen  
  21  2:12  Overlord  
  21  2:14  Drone  
  26  2:22  Metabolic Boost  
  26  2:32  Baneling Nest, Zergling x4  
  27  2:37  Zergling x2  
  27  2:38  Zergling x2  
  27  2:44  Zergling x4  
  31  2:56  Zergling x2  
  31  2:57  Zergling x2  
  33  3:09  Zergling x4  
  35  3:16  Zergling x4  
  37  3:26  Zergling x2  
  37  3:27  Zergling x8  
  40  3:28  Zergling x2  
  40  3:32  Overlord  
  43  3:37  Baneling  
  43  3:38  Baneling x6  
  43  3:51  Zergling x2  
  43  3:52  Zergling x6  
Show
View Real Time Build Order
Export as new Build Order

HoldTheDoor Protoss 

Build Orders: 1 Gate Expand 

Get SALT Encoding   

  12  0:00  Probe  
  13  0:12  Probe  
  14  0:20  Pylon  
  14  0:24  Probe  
  15  0:38  Probe  
  15  0:41  Gateway  
  16  0:47  Assimilator  
  16  0:50  Probe  
  17  0:58  Probe  
  18  1:06  Probe  
  19  1:32  Nexus  
  19  1:39  Cybernetics Core  
  19  1:41  Probe  
  19  1:47  Assimilator  
  20  1:53  Probe  
  21  1:56  Pylon  
  21  2:09  Probe  
  22  2:17  Adept  
  22  2:18  Warp Gate  
  22  2:21  Probe  
  25  2:33  Probe  
  26  2:46  Probe  
  26  2:50  Twilight Council  
  27  2:53  Sentry, Probe  
  27  2:58  Probe  
  31  2:59  Pylon  
  31  3:05  Probe  
  31  3:10  Probe  
  33  3:14  Gateway  
  33  3:18  Probe, Pylon  
  34  3:22  Probe  
  35  3:37  Probe, Adept  
  35  3:38  Probe  
  39  3:43  Gateway  
  39  3:50  Robotics Facility  
  39  3:53  Probe x2  
  39  4:05  Probe  
  40  4:21  Gateway  
Tags
 
Add a new tag
Caveats
  • Supply blocks, unpowered buildings, or Contaminate may cause inaccurate times.
  • Supply counts are checked every 10 seconds.